 Dungeon Crawl Stone Soup version 0.10.2-40-g36e0077 character file.

976 spurious the Poker (level 7, 0/57 HPs)
             Began as a Minotaur Gladiator on June 23, 2012.
             Slain by a gnoll
             ... wielding a +1,+2 spear of freezing
              (1 damage)
             ... on Level 5 of the Dungeon.
             The game lasted 00:37:13 (3501 turns).

spurious the Poker (Minotaur Gladiator)             Turns: 3501, Time: 00:37:15

HP   0/57        AC  9     Str 20      XL: 7   Next: 60%
MP   2/2         EV  8     Int  7      God:
Gold 235         SH 11     Dex 10      Spells:  0 memorised,  6 levels left

Res.Fire  : . . .   See Invis. : .   n - +2 spear (pierce)
Res.Cold  : . . .   Warding    : . . x - +2 orc scale mail
Life Prot.: . . .   Conserve   : .   c - +0 buckler
Res.Acid. : . . .   Res.Corr.  : .   d - +0 cap
Res.Poison: .       Clarity    : .   (no cloak)
Res.Elec. : .       Spirit.Shd : .   m - +0 pair of gloves
Sust.Abil.: . .     Stasis     : .   (no boots)
Res.Mut.  : .       Ctrl.Telep.: .   (no amulet)
Res.Rott. : .       Levitation : .   (no ring)
Saprovore : . . .   Ctrl.Flight: .   (no ring)

@: mildly poisoned, slightly resistant to hostile enchantments, extremely
unstealthy
A: retaliatory headbutt, horns 2
a: no special abilities


You were on level 5 of the Dungeon.
You were not hungry.

You visited 1 branch of the dungeon, and saw 5 of its levels.

You collected 215 gold pieces.

Inventory:

Hand weapons
 a - a +0,+0 trident
 n - a +2,+2 spear of piercing (weapon)
 A - a +1,+0 elven long sword
Missiles
 k - a -1 throwing net
 q - 6 +3 javelins (quivered)
Armour
 c - a +0 buckler (worn)
 d - a +0 cap (worn)
 l - a +1 robe
 m - a +0 pair of gloves (worn)
 x - a +2 orcish scale mail (worn)
Magical devices
 o - a wand of slowing (15)
Comestibles
 f - 5 bread rations
 j - 4 meat rations
 u - 11 grapes
 D - 2 chunks of worm flesh
 G - a chunk of hound flesh
 I - a chunk of adder flesh
Scrolls
 e - a scroll of recharging
 h - 3 scrolls of detect curse
 i - 7 scrolls of identify {unknown}
 w - 3 scrolls of remove curse
 B - a scroll of amnesia {unknown}
 H - a scroll of curse weapon {unknown}
Jewellery
 v - an uncursed ring of wizardry {unknown}
 E - an uncursed ring of wizardry {unknown}
Potions
 b - 2 potions of curing {unknown}
 g - a potion of porridge {unknown}
 p - 2 potions of heal wounds {unknown}
 r - a potion of resistance {unknown}
 t - a potion of degeneration {unknown}
 C - a potion of speed {unknown}


   Skills:
 - Level 2,4 Fighting
 + Level 7,8 Polearms
 - Level 3,2 Throwing
 + Level 1,6 Armour
 - Level 2,1 Dodging
 + Level 6,9 Shields
 - Level 2,1 Unarmed Combat


You had 6 spell levels left.
You didn't know any spells.

Dungeon Overview and Level Annotations

Branches:
Dungeon (5/27)
 Temple: D:4-7

Altars:
Ashenzari


Innate Abilities, Weirdness & Mutations

You reflexively headbutt those who attack you in melee.
You have a pair of horns on your head.


Message History

The jackal bites you but does no damage.
The jackal bites you.
* * * LOW HITPOINT WARNING * * *
The gnoll closely misses you.
The gnoll hits you from afar with a halberd.
* * * LOW HITPOINT WARNING * * *
You block the gnoll's attack.
Read which item? (? for menu, Esc to quit)
As you read the scroll labeled OJUNEU LYWAHYM, it crumbles to dust.
You assume a fearsome visage.
The jackal looks frightened!
The jackal looks frightened!
The gnoll looks frightened!
The gnoll looks frightened!
It was a scroll of fear.
The gnoll hits you from afar with a spear.
* * * LOW HITPOINT WARNING * * *
You block the gnoll's attack.
The gnoll hits you from afar with a spear of freezing.
* * * LOW HITPOINT WARNING * * *
The gnoll freezes you.
You die...

#.......#,*,#.#.......#
#.......#,*,..#.......#
#.......#,**###....%.%##
#.......#,,,............ *###***
#.......#,**###.......##
......####.......#,*,, #.####....
........%.....gg§#,*,*,#.,,,#.###
........(....gg§§#,*,*,#,,,,#....
,............###@#,,,*,*,,,,#..##
,............#*#h#****,*,,,,#..*
,........$.....#h§,, ,,*,,,,#..**
,,....###......#.## ** *,,.......
,,,...* #......#.#,,,*,*,,,......
,,,,..**#......#.#,*,*,*,,,.#####
,,, ,,,,......,#.#,*,*,*,,,,* #
,,,,,,,,,,,,,*,..#,*,, *,,,,* #
,,,*,,,,,, ,,*,..#,*****,,,,*


You could see 3 gnolls and 2 jackals.

Vanquished Creatures
  Grinder (D:3)
  8 worker ants
  3 hounds
  A scorpion (D:5)
  3 gnolls (D:2)
  6 adders
  A giant mite (D:2)
  A worm (D:5)
  9 orcs
  3 ball pythons
  9 bats
  6 giant cockroaches
  15 goblins
  9 hobgoblins
  5 giant geckos
  6 giant newts
  8 kobolds
  A kobold skeleton (D:5)
  2 quokkas (D:2)
  14 rats
111 creatures vanquished.

Vanquished Creatures (others)
  A kobold (D:3)
  3 toadstools
4 creatures vanquished.

Grand Total: 115 creatures vanquished

Notes
Turn   | Place    | Note
--------------------------------------------------------------
     0 | D:1      | spurious, the Minotaur Gladiator, began the quest for the Orb.
     0 | D:1      | Reached XP level 1. HP: 18/18 MP: 0/0
   346 | D:1      | Reached XP level 2. HP: 25/25 MP: 0/0
   381 | D:1      | Reached skill level 4 in Polearms
   824 | D:2      | Reached XP level 3. HP: 7/30 MP: 1/1
   938 | D:2      | Reached skill level 5 in Polearms
  1247 | D:2      | Reached XP level 4. HP: 38/38 MP: 1/1
  1806 | D:3      | Reached XP level 5. HP: 42/44 MP: 1/1
  1831 | D:3      | Reached skill level 6 in Polearms
  1833 | D:3      | Reached skill level 5 in Shields
  2092 | D:3      | Noticed Grinder
  2102 | D:3      | Paralysed by Grinder for 7 turns
  2118 | D:3      | Killed Grinder
  2118 | D:3      | Reached skill level 7 in Polearms
  2118 | D:3      | Reached XP level 6. HP: 44/50 MP: 2/2
  2190 | D:3      | Reached XP level 7. HP: 57/57 MP: 2/2
  2627 | D:4      | Found a shattered altar of Ashenzari.
  3238 | D:5      | Entered Level 5 of the Dungeon
  3247 | D:5      | Reached skill level 1 in Armour
  3501 | D:5      | HP: 1/57 [gnoll/spear of freezing (5)]
  3501 | D:5      | Slain by a gnoll
